 Dungeon Crawl Stone Soup version 0.18.1-50-g88ac8fd (webtiles) character file.

74 Franakus the Conjurer (level 4, -1/24 HPs)
             Began as a Deep Elf Conjurer on Oct 28, 2016.
             Slain by an adder (4 damage)
             ... on level 4 of the Dungeon.
             The game lasted 00:11:21 (690 turns).

Franakus the Conjurer (Deep Elf Conjurer)            Turns: 690, Time: 00:11:22

Health: -1/24      AC:  3    Str:  5    XL:     4   Next: 9%
Magic:  0/10       EV: 13    Int: 21    God:
Gold:   49         SH:  0    Dex: 15    Spells: 2 memorised, 6 levels left

rFire  . . .     SeeInvis .     g - +0 dagger
rCold  . . .     Gourm    .     a - +1 robe
rNeg   . . .     Faith    .     (no shield)
rPois  .         Spirit   .     (no helmet)
rElec  .         Dismiss  .     (no cloak)
rCorr  .         Reflect  .     (no gloves)
SustAt .         Harm     .     (no boots)
MR     .....                    (no amulet)
Stlth  +++.......               (no ring)
                                f - ring of stealth

@: lethally poisoned (-1 -> -3), not resistant to hostile enchantments, fairly
stealthy
A: no striking features
a: no special abilities


You were on level 4 of the Dungeon.
You were not hungry.

You visited 1 branch of the dungeon, and saw 4 of its levels.

You collected 49 gold pieces.

Inventory:

Hand Weapons
 g - a +0 dagger (weapon)
Missiles
 k - 3 tomahawks (quivered)
Armour
 a - a +1 robe (worn)
Jewellery
 f - a ring of stealth (left hand)
Scrolls
 d - a scroll of remove curse
Potions
 e - a potion of curing
 h - a potion of agility {unknown}
 i - a potion of haste {unknown}
 j - a potion of cure mutation {unknown}
Books
 b - a book of Conjurations

   Spells                             Type                      Level
   a - Magic Dart                     Conjuration                  1
   b - Searing Ray                    Conjuration                  2
   c - Dazzling Spray                 Conjuration/Hexes            3
   d - Fulminant Prism                Conjuration/Hexes            4
   e - Iskenderun's Mystic Blast      Conjuration                  4
   f - Iskenderun's Battlesphere      Conjuration/Charms           5
Comestibles
 c - 2 bread rations


   Skills:
 + Level 0.2 Fighting
 + Level 3.2 Dodging
 + Level 3.0 Stealth
 + Level 3.2 Spellcasting
 + Level 5.4 Conjurations


You had 6 spell levels left.
You knew the following spells:

 Your Spells              Type           Power        Failure   Level  Hunger
a - Magic Dart            Conj           ####         1%          1    None
b - Searing Ray           Conj           ####..       1%          2    ##.....


Dungeon Overview and Level Annotations

Branches:
Dungeon (4/15)
 Temple: D:4-7

Altars:

Annotations:
D:3 ololoev's ghost, weakling TrWr


Message History

Press: ? - help, Shift-Dir - straight line, f/p - adder
Aim: an adder The searing ray hits the adder.
The adder is lightly wounded.
You feel sick.
The searing ray hits the adder.
The adder is heavily wounded.
Casting: Searing Ray
Confirm with . or Enter, or press ? or * to list all spells.
Aiming: Searing Ray
Press: ? - help, Shift-Dir - straight line, f/p - adder
Aim: an adder (heavily wounded)
The searing ray hits the adder.
The adder is severely wounded.
The adder misses you.
Without enough magic to sustain it, your searing ray dissipates.
You feel sick. The adder barely misses you. The adder bites you.
* * * LOW HITPOINT WARNING * * *
The adder bites you.
You die...

... ####..###...##....##
... #......<....####### ...
#...........#.....# )..
#...........'.....#
...#######'#####....##....#
...g.........###....#######
.............'......#
.............#......#
.............#.S@...#
.............###'####
################....#
#...........# #...........#
#...........# ##.(.########
####


You could see an adder.

Vanquished Creatures
  An iguana (D:4)
  An adder (D:4)
  A howler monkey skeleton (D:4)
  An adder skeleton (D:4)
  2 giant geckos (D:3)
  A ball python (D:3)
  A giant cockroach (D:3)
  2 goblins
  2 hobgoblins (D:3)
  4 jackals
  3 bats
  2 giant newts
  2 kobolds
  2 rats (D:3)
25 creatures vanquished.

Notes
Turn   | Place    | Note
--------------------------------------------------------------
     0 | D:1      | Franakus the Deep Elf Conjurer began the quest for the Orb.
     0 | D:1      | Reached XP level 1. HP: 10/10 MP: 6/6
     9 | D:1      | Noticed a crocodile
     9 | D:1      | Noticed a salamander
     9 | D:1      | Noticed a swamp worm
     9 | D:1      | Noticed a killer bee
   157 | D:3      | Noticed ololoev's ghost (weakling TrWr)
   221 | D:2      | Reached XP level 2. HP: 2/15 MP: 4/8
   225 | D:2      | Learned a level 2 spell: Searing Ray
   333 | D:3      | Reached skill level 5 in Conjurations
   453 | D:4      | Reached XP level 3. HP: 2/19 MP: 0/9
   679 | D:4      | Reached XP level 4. HP: 12/24 MP: 6/10
   690 | D:4      | Slain by an adder

Skill      XL: |  1  2  3 |
---------------+----------+-----
Conjurations   | 5 |  5.4
Dodging        | 3 |  3.2
Stealth        | 3 |  3.0
Fighting       | |  0.2
Spellcasting   | |  3.2

Action                   |  1- 3 |  4- 6 || total
-------------------------+-------+-------++-------
Melee: Dagger            |    12 |       ||    12
 Cast: Magic Dart        |    38 |     1 ||    39
       Searing Ray       |     5 |     2 ||     7
  Use: Scroll            |     5 |       ||     5
       Potion            |     1 |       ||     1
Armor: Robe              |    13 |       ||    13
Dodge: Dodged            |    49 |     2 ||    51
